 Dungeon Crawl Stone Soup version 0.31-a0-965-g8a8ce12e04 (webtiles) character file.

Game seed: 17573192746984924651

1306 Maxmaps the Mimic (level 8, -8/44 HPs)
             Began as an Octopode Shapeshifter on Oct 26, 2023.
             Mangled by a gnoll
             ... wielding a +0 halberd
              (10 damage)
             ... on level 5 of the Dungeon.
             The game lasted 00:05:22 (3363 turns).

Maxmaps the Mimic (Octopode Shapeshifter)           Turns: 3363, Time: 00:05:24

Health: -8/44      AC:  1    Str: 13    XL:     8   Next: 57%
Magic:  8/8        EV: 13    Int: 15    God:
Gold:   244        SH:  0    Dex: 11    Spells: 7/7 levels left

rFire   + .          .
                       - Unarmed
rCold   + . .        (no shield)
rNeg    . . .        (helmet restricted)
rPois   +            (no amulet)
rElec   +            a - ring of willpower
rCorr   +            (no ring)
SInv    .            (no ring)
Will    +....        (no ring)
Stlth   +++          (no ring)
HPRegen 0.27/turn    (no ring)
MPRegen 0.11/turn    (no ring)
                     (no ring)

%: no passive effects
@: maw-form, resistant
A: devouring maw, reduced hp, almost no armour, amphibious, 8 rings, camouflage
1, gelatinous body 1, (nimble swimmer 1), tentacles
a: Begin Untransformation


You were on level 5 of the Dungeon.
You were a creature with a mouth for a stomach.
You visited 1 branch of the dungeon, and saw 5 of its levels.

You collected 244 gold pieces.

Inventory:

Jewellery
 a - a ring of willpower (left tentacle)
Talismans
 b - a beast talisman
 c - a flux talisman
 j - a maw talisman (active)
Scrolls
 l - a scroll of poison {unknown}
 m - 4 scrolls of teleportation {unknown}
 n - a scroll of summoning {unknown}
 o - a scroll of immolation {unknown}
 p - a scroll of amnesia {unknown}
 q - 2 scrolls of identify {unknown}
Potions
 e - a potion of experience {unknown}
 f - 6 potions of curing {unknown}
 h - a potion of enlightenment {unknown}
 k - 2 potions of ambrosia {unknown}
 r - a potion of haste {unknown}


   Skills:
 - Level 5.0 Fighting
 - Level 2.0 Dodging
 - Level 4.0 Stealth
 + Level 3.4 Unarmed Combat
 - Level 8.0 Shapeshifting


You had 7 spell levels left.
You didn't know any spells.
Your spell library contained the following spells:

 Spells                   Type           Power      Damage    Failure   Level
 Summon Small Mammal      Summ           0%         N/A       26%         1
 Blink                    Tloc           0%         N/A       38%         2
 Lesser Beckoning         Tloc           0%         N/A       38%         2
 Momentum Strike          Conj/Tloc      0%         3d8       38%         2
 Poisonous Vapours        Pois/Air       0%         N/A       38%         2
 Static Discharge         Conj/Air       0%         3-3/arc   38%         2
 Call Canine Familiar     Summ           0%         N/A       63%         3
 Gell's Gravitas          Tloc           0%         N/A       63%         3
 Mephitic Cloud           Conj/Pois/Air  0%         N/A       63%         3
 Sigil of Binding         Hex            0%         N/A       63%         3
 Summon Guardian Golem    Hex/Summ       0%         N/A       63%         3
 Teleport Other           Tloc           0%         N/A       63%         3
 Airstrike                Air            0%         2d(0-16)  95%         4
 Dimensional Bullseye     Hex/Tloc       0%         N/A       95%         4
 Leda's Liquefaction      Hex/Erth       0%         N/A       95%         4
 Summon Lightning Spire   Summ/Air       0%         N/A       95%         4
 Freezing Cloud           Conj/Ice/Air   0%         6-21      100%        5


Dungeon Overview and Level Annotations

Branches:
Dungeon (5/15)
 Temple: D:4-7

Altars:


Innate Abilities, Weirdness & Mutations

You are a creature with a mouth for a stomach.
Your midsection houses a second, enormous mouth.
Your maximum health is decreased, since you lack skill for your form.
You cannot wear most types of armour.
You are amphibious.
You can wear up to eight rings at the same time.
Your skin changes colour to match your surroundings (Stealth+).
Your rubbery body absorbs attacks. (AC +1, EV +1)
((You are camouflaged when in or above water. (Stealth+)))
You have tentacles for arms and can constrict up to eight enemies at once.


Message History

You bite the sleepcap.
The sleepcap is heavily damaged.
You constrict the sleepcap, but do no damage.
The sleepcap releases spores at you.
You are engulfed in a cloud of soporific spores!
You fall asleep.
You lose your grip on the sleepcap.
A gnoll comes into view. It is wielding a +0 spear.
The sleepcap releases spores at you!
You wake up.
The gnoll shouts!
You tentacle-slap the sleepcap. You grab the sleepcap. You bite the sleepcap.
The sleepcap is heavily damaged.
You constrict the sleepcap, but do no damage.
The sleepcap barely misses you.
You tentacle-slap the sleepcap but do no damage.
You bite the sleepcap.
The sleepcap is severely damaged.
You constrict the sleepcap, but do no damage.
The sleepcap releases spores at you.
The gnoll hits you from afar with a +0 halberd!
Unknown command.
You are too injured to fight recklessly!
You are too injured to fight recklessly!
Unknown command.
You are too injured to fight recklessly!
Unknown command.
You tentacle-slap the sleepcap. You bite the sleepcap.
The sleepcap is almost destroyed.
You constrict the sleepcap. The sleepcap barely misses you.
A gnoll comes into view. It is wielding a +0 club.
The gnoll hits you from afar with a +0 halberd!
* * * LOW HITPOINT WARNING * * *
Unknown command.
It was a potion of resistance.
You feel protected.
You constrict the sleepcap.
You destroy the sleepcap!
A gnoll comes into view. It is wielding a +0 flail.
The gnoll hits you from afar with a +0 halberd!
You die...

### #......#.#
....#......#.##
....#...........
................
..........$.....
............... #.#
.........#... ...>#
###.W.#.# ......
[#.......###...# ..
.......g.....#...#####.#
g......g................
##.....#.....#..........
#.....#................
#.....#.......##.......
..g...#.......##.......
#.... #................


You could see 4 gnolls.

Vanquished Creatures
  Grinder (D:3)
  Sigmund (D:2)
  Eustachio (D:4)
  A black bear (D:5)
  2 ogres (D:4)
  3 scorpions
  A sleepcap (D:5)
  3 hounds (D:4)
  Jessica (D:2)
  An iguana (D:4)
  3 orc wizards
  7 adders
  2 worms (D:2)
  3 dart slugs
  7 orcs
  6 bats
  7 endoplasms
  8 giant cockroaches
  6 goblins
  8 hobgoblins
  6 jackals (D:1)
  A quokka (D:1)
  5 ball pythons
  8 frilled lizards
  6 kobolds
  5 rats
103 creatures vanquished.

Notes
Turn   | Place    | Note
-------+----------+-------------------------------------------
     0 | D:1      | Maxmaps the Octopode Shapeshifter began the quest for the
                  | Orb.
     0 | D:1      | Reached XP level 1. HP: 13/13 MP: 1/1
   152 | D:1      | Reached XP level 2. HP: 18/19 MP: 2/2
   288 | D:1      | Found a faded altar of an unknown god.
   314 | D:1      | Reached XP level 3. HP: 7/25 MP: 3/3
   580 | D:2      | Noticed Jessica
   587 | D:2      | Killed Jessica
   594 | D:2      | Reached XP level 4. HP: 31/33 MP: 4/4
   699 | D:2      | Noticed Sigmund
   709 | D:2      | Killed Sigmund
   710 | D:2      | Reached XP level 5. HP: 26/38 MP: 5/5
   801 | D:2      | Reached XP level 6. HP: 45/45 MP: 6/6
  1067 | D:2      | Reached skill level 5 in Fighting
  1526 | D:3      | Noticed Grinder
  1533 | D:3      | Paralysed by Grinder for 2 turns
  1539 | D:3      | Paralysed by Grinder for 2 turns
  1552 | D:3      | Killed Grinder
  1553 | D:3      | Reached skill level 4 in Shapeshifting
  1553 | D:3      | Reached XP level 7. HP: 20/50 MP: 7/7
  1900 | D:3      | Identified the +0 long sword of the Shore {spect, Fly
                  | Will+}
  2001 | D:3      | Reached skill level 5 in Shapeshifting
  2230 | D:4      | Noticed Eustachio
  2250 | D:4      | Killed Eustachio
  2251 | D:4      | Reached skill level 6 in Shapeshifting
  2491 | D:4      | Reached XP level 8. HP: 55/55 MP: 8/8
  2506 | D:4      | Reached skill level 7 in Shapeshifting
  3244 | D:5      | Entered Level 5 of the Dungeon
  3300 | D:5      | Reached skill level 8 in Shapeshifting
  3362 | D:5      | HP: 1/44 [gnoll/+0 halberd (17)]
  3363 | D:5      | Mangled by a gnoll

Illustrated notes

Levels and vault maps discovered:
D:1:      dpeg_arrival_rooms_a, layout_rooms,
          chequers_ecumenical_altar_simple_redux
D:2:      layout_basic, uniq_sigmund, uniq_jessica
D:3:      layout_rooms, uniq_grinder
D:4:      layout_loops_ring, minmay_stone_trees_small,
          hangedman_abyss_or_decor_jellyfish_corner, minmay_surrounded,
          uniq_eustachio
D:5:      layout_basic, minmay_temple_entry_mini_moons

Skill      XL: |  1  2  3  4  5  6  7  8 |
---------------+-------------------------+-----
Fighting       | 2 3 4 5 |  5.0
Stealth        | 3 4 |  4.0
Shapeshifting  | 4 6 8 |  8.0
Dodging        | |  2.0
Unarmed Combat | |  3.4

Action                     |  1- 3 |  4- 6 |  7- 9 || total
---------------------------+-------+-------+-------++-------
  Melee: Unarmed           |    53 |    66 |   133 ||   252
         Constrict         |    13 |    15 |    24 ||    52
         Tentacles         |     8 |    14 |    17 ||    39
         Punch             |     1 |     5 |     4 ||    10
         Maw               |       |       |     7 ||     7
    Use: Potion            |       |       |     3 ||     3
         Scroll            |       |       |     2 ||     2
   Stab: Sleeping          |     1 |    13 |     7 ||    21
         Distracted        |       |     1 |       ||     1
 Armour: Skin              |    29 |    13 |    81 ||   123
  Dodge: Dodged            |    41 |    22 |    50 ||   113
   Form: Maw               |       |       |     1 ||     1

Table legend: (Time is in decaauts)
 A = Elapsed time spent in this place.
 B = Non-inter-level travel time spent in this place.
 C = Inter-level travel time spent in this place.
 D = Time resting spent in this place.
 E = Time spent auto-exploring this place.
 F = Levels seen in this place.
 G = Mean time per level.
                   A        B        C        D        E       F      G
               +--------+--------+--------+--------+--------+-----+--------+
         Total |   3357 |   3271 |     86 |    511 |   2065 |   5 |  671.4 |
       Dungeon |   3357 |   3271 |     86 |    511 |   2065 |   5 |  671.4 |
               +--------+--------+--------+--------+--------+-----+--------+

Top non-repeatable levels by time:
     D:4: 1122 daAuts
     D:2: 850 daAuts
     D:3: 687 daAuts
     D:1: 577 daAuts
     D:5: 118 daAuts
